 Dungeon Crawl Stone Soup version 0.19.0-2-gae57169 (webtiles) character file.

6548 imganon the Cleaver (level 10, -1/105 HPs)
             Began as a Demonspawn Berserker on Nov 5, 2016.
             Was a High Priest of Trog.
             Slain by a hill giant
             ... wielding a +0 giant spiked club
              (13 damage)
             ... on level 10 of the Dungeon.
             The game lasted 00:14:18 (8355 turns).

imganon the Cleaver (Demonspawn Berserker)          Turns: 8355, Time: 00:14:19

Health: -1/105     AC: 13    Str: 30    XL:     10   Next: 70%
Magic:  10/10      EV: 11    Int:  8    God:    Trog [*****.]
Gold:   537        SH:  0    Dex: 13    Spells: 0 memorised, 9 levels left

rFire  + . .     SeeInvis .     V - +1 battleaxe (venom)
rCold  . . .     Gourm    +     j - +2 ring mail {rF+}
rNeg   . . .     Faith    .     (shield currently unavailable)
rPois  .         Spirit   .     U - +0 helmet
rElec  .         Reflect  .     b - +1 cloak {+Inv}
rCorr  .         Harm     .     (no gloves)
MR     .....                    (no boots)
Stlth  ..........               x - amulet of the gourmand
                                Q - +4 ring of strength
                                O - +2 ring of slaying

@: mighty, berserking, slowed
A: talons 2, thin metallic scales 2, powered by pain 2, spiny 2
a: Berserk, Trog's Hand, Brothers in Arms, Burn Spellbooks, Renounce Religion,
Evoke Invisibility


You were on level 10 of the Dungeon.
You worshipped Trog.
Trog was extremely pleased with you.
You were very full.

You visited 1 branch of the dungeon, and saw 10 of its levels.

You collected 537 gold pieces.

Inventory:

Hand Weapons
 a - a +0 hand axe
 C - a +0 war axe
 V - a +1 battleaxe of venom (weapon)
Armour
 b - a +1 cloak of invisibility (worn)
 j - a +2 ring mail of fire resistance (worn)
 U - a +0 helmet (worn)
Jewellery
 n - an uncursed ring of magical power
 x - an amulet of the gourmand (around neck)
 E - an uncursed ring of ice
 J - an uncursed ring of resist corrosion
 O - a +2 ring of slaying (left hand)
 Q - a +4 ring of strength (right hand)
Wands
 B - a wand of disintegration (15/24)
 K - a wand of slowing (18/48)
 M - a wand of acid (8/15)
 R - a wand of digging (10/24)
 S - a wand of digging (12/24)
Scrolls
 d - 4 scrolls of blinking
 e - 3 scrolls of fog
 g - a scroll of amnesia {unknown}
 i - 8 scrolls of identify
 m - 5 scrolls of remove curse
 r - 3 scrolls of recharging {unknown}
 s - a scroll of fear {unknown}
 v - a scroll of enchant armour {unknown}
 w - 3 scrolls of teleportation {unknown}
 y - a scroll of enchant weapon {unknown}
 D - 2 scrolls of magic mapping {unknown}
 H - a scroll of acquirement {unknown}
Potions
 f - a potion of resistance {unknown}
 h - a potion of haste
 k - 6 potions of lignification
 p - 3 potions of heal wounds
 q - a potion of degeneration {unknown}
 t - a potion of ambrosia
 u - a potion of cure mutation {unknown}
 A - 2 potions of curing
 I - a potion of invisibility {unknown}
 L - a potion of magic {unknown}
 N - 4 potions of berserk rage {unknown}
 P - 2 potions of flight {unknown}
Comestibles
 c - 11 bread rations
 l - 8 meat rations
 o - 3 slices of pizza
 z - 8 beef jerkies
 F - 7 fruits
 G - 2 royal jellies


   Skills:
 - Level 3.0 Fighting
 + Level 14.5 Axes
 - Level 1.7 Armour
 - Level 1.7 Dodging


You had 9 spell levels left.
You didn't know any spells.

Dungeon Overview and Level Annotations

Branches:
Dungeon (10/15)            Temple (0/1) D:6
   Lair: D:8-11         Orc: D:9-12

Altars:


Innate Abilities, Weirdness & Mutations

You have razor-sharp toenails.
You are mostly covered in thin metallic scales. (AC +3)
You sometimes gain power by taking damage.
You are mostly covered in sharp spines.


Message History

Something hits you!
You focus on the pain.
You feel very mighty all of a sudden.
A hill giant is nearby!
A hill giant is nearby!
Something hits you. Something hits you but does no damage.
Something hits you but does no damage. x2
The hill giant hits you with a giant spiked club!!
A red film seems to cover your vision as you go berserk!
You feel yourself moving faster!
You feel mighty! Something hits you.
* * * LOW HITPOINT WARNING * * *
The hill giant hits you with a giant spiked club!!
* * * LOW HITPOINT WARNING * * *
You slash the hill giant!
The hill giant is poisoned.
The hill giant is lightly wounded.
Something hits you but does no damage. x2
You barely miss the hill giant. Your kick misses the hill giant.
The hill giant is lightly wounded.
You closely miss something. Something hits you but does no damage.
The hill giant hits you with a giant spiked club!
You die...

#..# # .......#
#..#######
.......#######.........
......................
...................))
#####...#########..#####
........#########.......
..........<.............
......C@......#########.
##............#########.
........................
........................
########################


You could see a hill giant.

Vanquished Creatures
  Erica (D:8)
  A manticore (D:9)
  A two-headed ogre (D:9)
  Sigmund (D:2)
  A wraith (D:10)
  10 yaks
  Duvessa (D:6)
  2 water moccasins
  2 orc warriors
  An ice beast (D:8)
  An eye of draining (D:8)
  A phantom (D:8)
  An ogre (D:9)
  3 centaurs
  3 big kobolds
  6 bullfrogs
  Dowan (D:6)
  A wyvern skeleton (D:10)
  5 killer bees
  A howler monkey (D:6)
  4 crimson imps
  Crazy Yiuf (D:2)
  A jelly (D:9)
  2 orc priests
  A bullfrog zombie (D:8)
  5 hounds
  2 centaur skeletons
  A gnoll shaman (D:8)
  A bullfrog skeleton (D:8)
  Ijyb (D:2)
  Natasha (thrice) (D:2)
  6 iguanas
  9 orc wizards
  4 worker ants
  A hound skeleton (D:4)
  7 gnolls
  9 adders
  4 oozes
  2 adder skeletons
  2 worms (D:4)
  5 dart slugs
  5 leopard geckos
  26 orcs
  2 giant cockroaches
  10 hobgoblins
  13 jackals
  6 quokkas
  3 ball pythons
  7 bats
  5 frilled lizards
  7 goblins
  25 kobolds
  2 quokka skeletons
  9 rats
235 creatures vanquished.

Notes
Turn   | Place    | Note
-------+----------+-------------------------------------------
     0 | D:1      | imganon the Demonspawn Berserker began the quest for the Orb.
     0 | D:1      | Reached XP level 1. HP: 18/18 MP: 1/1
   177 | D:1      | Reached skill level 3 in Axes
   310 | D:1      | Gained mutation: You sometimes gain a little power by taking damage. [demonic ancestry]
   310 | D:1      | Reached XP level 2. HP: 10/24 MP: 2/2
  1039 | D:1      | Reached ** piety under Trog
  1101 | D:2      | Reached XP level 3. HP: 29/29 MP: 3/3
  1109 | D:2      | Noticed Natasha
  1119 | D:2      | Killed Natasha
  1119 | D:2      | Reached skill level 4 in Axes
  1161 | D:2      | Noticed Natasha
  1169 | D:2      | Killed Natasha
  1169 | D:2      | Gained mutation: You have sharp toenails. [demonic ancestry]
  1169 | D:2      | Reached XP level 4. HP: 29/35 MP: 4/4
  1197 | D:2      | Noticed Sigmund
  1208 | D:2      | Killed Sigmund
  1208 | D:2      | Reached skill level 6 in Axes
  1208 | D:2      | Gained mutation: You are partially covered in thin metallic scales. (AC +2) [demonic ancestry]
  1208 | D:2      | Reached XP level 5. HP: 31/41 MP: 5/5
  1424 | D:2      | Noticed Natasha
  1440 | D:2      | Killed Natasha
  1440 | D:2      | Gained mutation: You sometimes gain power by taking damage. [demonic ancestry]
  1440 | D:2      | Reached XP level 6. HP: 29/47 MP: 6/6
  1555 | D:2      | Found a runed door.
  1699 | D:2      | Noticed Ijyb
  1711 | D:2      | Killed Ijyb
  1977 | D:2      | Noticed Crazy Yiuf
  1987 | D:2      | Killed Crazy Yiuf
  2362 | D:3      | Reached *** piety under Trog
  2776 | D:4      | Reached skill level 7 in Axes
  3052 | D:4      | Gained mutation: You are partially covered in sharp spines. [demonic ancestry]
  3052 | D:4      | Reached XP level 7. HP: 52/52 MP: 7/7
  3533 | D:5      | Entered Level 5 of the Dungeon
  3692 | D:5      | Reached skill level 8 in Axes
  3796 | D:5      | Reached **** piety under Trog
  3880 | D:5      | Reached skill level 9 in Axes
  3880 | D:5      | Gained mutation: You have razor-sharp toenails. [demonic ancestry]
  3880 | D:5      | Reached XP level 8. HP: 26/58 MP: 8/8
  4443 | D:6      | Noticed Duvessa
  4444 | D:6      | Received a gift from Trog
  4448 | D:6      | Noticed Dowan
  4453 | D:5      | Reached skill level 10 in Axes
  4610 | D:6      | Killed Duvessa
  4623 | D:6      | Killed Dowan
  4670 | D:6      | Reached skill level 11 in Axes
  4670 | D:6      | Gained mutation: You are mostly covered in sharp spines. [demonic ancestry]
  4670 | D:6      | Reached XP level 9. HP: 56/63 MP: 9/9
  4779 | D:6      | Found a staircase to the Ecumenical Temple.
  5730 | D:8      | Reached ***** piety under Trog
  5770 | D:8      | Noticed Erica
  5793 | D:8      | Killed Erica
  5793 | D:8      | Reached skill level 12 in Axes
  6266 | D:8      | Reached skill level 13 in Axes
  6385 | D:8      | Gained mutation: You are mostly covered in thin metallic scales. (AC +3) [demonic ancestry]
  6385 | D:8      | Reached XP level 10. HP: 67/70 MP: 10/10
  6851 | D:9      | Noticed a manticore
  6859 | D:9      | Killed a manticore
  7842 | D:10     | Entered Level 10 of the Dungeon
  7884 | D:10     | Reached skill level 14 in Axes
  8057 | D:10     | Received a gift from Trog
  8350 | D:10     | Noticed a hill giant
  8355 | D:10     | Slain by a hill giant

Skill      XL: |  1  2  3  4  5  6  7  8  9 10 |
---------------+-------------------------------+-----
Axes           | 3 4 6 7 9 11 13 14 | 14.5
Fighting       | |  3.0
Armour         | |  1.7
Dodging        | |  1.7

Action                   |  1- 3 |  4- 6 |  7- 9 | 10-12 || total
-------------------------+-------+-------+-------+-------++-------
Melee: Hand axe          |    73 |   276 |    21 |       ||   370
       Kick              |       |    86 |    72 |    32 ||   190
       War axe           |       |       |   254 |    87 ||   341
       Battleaxe         |       |       |       |     5 ||     5
Invok: Berserk           |       |     2 |     2 |     2 ||     6
       Burn Spellbooks   |       |       |     1 |     1 ||     2
  Use: Potion            |       |       |     5 |       ||     5
       Scroll            |       |       |     3 |       ||     3
  Eat: Chunk             |     1 |    16 |    12 |    10 ||    39
Armor: Animal skin       |    12 |       |       |       ||    12
       Scale mail        |     7 |       |       |       ||     7
       Ring mail         |     8 |   131 |    99 |    25 ||   263
       Skin              |       |       |     7 |       ||     7
Dodge: Dodged            |    41 |   166 |   120 |    48 ||   375
